3176 views
Uploaded 2020-02-08 21:43:44
Game version 1.32 / 1.32.1
17:53 long 4on4 ladder game on (8)MarketSquare
Saved by iggythefisk
3176 views
Uploaded 2020-02-08 21:43:44
Game version 1.32 / 1.32.1
17:53 long 4on4 ladder game on (8)MarketSquare


89 units @ 7.6k
/ 0.5k
172 buildings @ 12.6k
/ 6.1k


| Healing Salve | 1 | 100 |
| Boots of Speed | 2 | 500 |
| Staff of Teleportation | 1 | 150 |
| Periapt of Vitality | 1 | 325 |
| total: | 5 | 1075g |
| Peon | 15 | 1125 | / | 0 |
| Troll Batrider | 12 | 1920 | / | 480 |
| total: | 27 | 3045g | / | 480w |
| Watch Tower | 19 | 2090 | / | 1520 |
| Altar of Storms | 1 | 180 | / | 50 |
| Orc Burrow | 4 | 640 | / | 160 |
| War Mill | 1 | 205 | / | 0 |
| Voodoo Lounge | 1 | 130 | / | 30 |
| Great Hall | 1 | 385 | / | 185 |
| Beastiary | 3 | 435 | / | 420 |
| Stronghold | 1 | 315 | / | 190 |
| Fortress | 1 | 325 | / | 190 |
| total: | 30 | 4065g | / | 2365w |
| 0:02 | Peon |
| 0:02 | Peon |
| 0:05 | Altar of Storms |
| 0:18 | Orc Burrow |
| 0:30 | Peon |
| 0:37 | War Mill |
| 0:46 | Peon |
| 0:56 | Peon |
| 1:03 | Peon |
| 1:13 | Voodoo Lounge |
| 1:16 | Peon |
| 1:27 | Peon |
| 1:41 | Orc Burrow |
| 1:53 | Peon |
| 2:01 | Watch Tower |
| 2:06 | Wind Walk |
| 2:12 | Peon |
| 2:19 | Healing Salve |
| 2:40 | Watch Tower |
| 2:45 | Peon |
| 2:45 | Peon |
| 2:53 | Watch Tower |
| 3:05 | Peon |
| 3:09 | Peon |
| 3:30 | Peon |
| 3:33 | Watch Tower |
| 3:52 | Stronghold |
| 4:04 | Watch Tower |
| 4:27 | Watch Tower |
| 4:29 | Watch Tower |
| 4:39 | Orc Burrow |
| 5:02 | Watch Tower |
| 5:14 | Watch Tower |
| 5:37 | Boots of Speed |
| 5:47 | Watch Tower |
| 5:50 | Watch Tower |
| 6:33 | Beastiary |
| 7:16 | Hex |
| 7:21 | Critical Strike |
| 7:40 | Beastiary |
| 7:41 | Fortress |
| 8:03 | Watch Tower |
| 8:05 | Reinforced Defenses |
| 8:15 | Troll Batrider |
| 8:41 | Troll Batrider |
| 8:59 | Watch Tower |
| 9:12 | Troll Batrider |
| 9:21 | Troll Batrider |
| 9:25 | Orc Burrow |
| 9:50 | Healing Wave |
| 9:58 | Troll Batrider |
| 10:07 | Watch Tower |
| 10:11 | Liquid Fire |
| 10:32 | Beastiary |
| 10:48 | Troll Batrider |
| 10:52 | Steel Ranged Weapons |
| 11:02 | Boots of Speed |
| 11:02 | Staff of Teleportation |
| 11:32 | Troll Batrider |
| 11:36 | Wind Walk |
| 12:05 | Troll Batrider |
| 12:25 | Periapt of Vitality |
| 12:56 | Troll Batrider |
| 13:31 | Healing Wave |
| 13:44 | Troll Batrider |
| 13:48 | Thorium Ranged Weapons |
| 15:08 | Spiked Barricades |
| 16:16 | Critical Strike |
| 16:18 | Troll Batrider |
| 16:35 | Great Hall |
| 16:36 | Watch Tower |
| 16:37 | Watch Tower |
| 16:38 | Watch Tower |
| 16:50 | Troll Batrider |
| 17:38 | Arcanite Ranged Weapons |
| 17:39 | Improved Spiked Barricades |
| 17:55 | Watch Tower |
| 17:56 | Watch Tower |
| Right click | 997 |
| Select | 342 |
| Select group | 264 |
| Chat | 109 |
| Build/train/purchase | 68 |
| Misc. action | 61 |
| Use ability | 45 |
| Assign group | 17 |
| Minimap ping | 6 |
| Item give/drop | 3 |
| Remove unit | 2 |
| Esc | 1 |



| Staff of Sanctuary | 2 | 500 |
| Staff of Teleportation | 2 | 300 |
| Boots of Speed | 3 | 750 |
| Periapt of Vitality | 1 | 325 |
| Healing Salve | 1 | 100 |
| total: | 9 | 1975g |
| Peasant | 16 | 1200 | / | 0 |
| total: | 16 | 1200g | / | 0w |
| Scout Tower | 85 | 2550 | / | 1700 |
| Arcane Tower | 6 | 420 | / | 300 |
| Guard Tower | 43 | 3010 | / | 2150 |
| Altar of Kings | 1 | 180 | / | 50 |
| Farm | 4 | 320 | / | 80 |
| Lumber Mill | 3 | 360 | / | 0 |
| Town Hall | 1 | 385 | / | 205 |
| Arcane Vault | 4 | 520 | / | 120 |
| Arcane Sanctum | 1 | 150 | / | 140 |
| Keep | 2 | 640 | / | 420 |
| Castle | 1 | 360 | / | 210 |
| total: | 99 | 4465g | / | 2295w |
| 0:01 | Peasant |
| 0:01 | Peasant |
| 0:07 | Altar of Kings |
| 0:09 | Peasant |
| 0:13 | Farm |
| 0:18 | Peasant |
| 0:34 | Peasant |
| 0:51 | Peasant |
| 0:54 | Farm |
| 1:04 | Lumber Mill |
| 1:07 | Peasant |
| 1:15 | Peasant |
| 1:20 | Scout Tower |
| 1:35 | Scout Tower |
| 1:39 | Peasant |
| 1:44 | Scout Tower |
| 1:51 | Scout Tower |
| 1:57 | Arcane Tower |
| 1:59 | Scout Tower |
| 2:00 | Peasant |
| 2:03 | Arcane Tower |
| 2:05 | Scout Tower |
| 2:06 | Blizzard |
| 2:11 | Peasant |
| 2:28 | Guard Tower |
| 2:30 | Guard Tower |
| 2:43 | Scout Tower |
| 2:44 | Peasant |
| 2:44 | Peasant |
| 2:44 | Peasant |
| 2:46 | Guard Tower |
| 2:47 | Scout Tower |
| 2:53 | Guard Tower |
| 2:58 | Scout Tower |
| 2:58 | Scout Tower |
| 2:59 | Scout Tower |
| 3:01 | Scout Tower |
| 3:14 | Guard Tower |
| 3:32 | Lumber Mill |
| 3:51 | Lumber Mill |
| 3:56 | Scout Tower |
| 4:00 | Guard Tower |
| 4:36 | Scout Tower |
| 4:37 | Scout Tower |
| 4:37 | Guard Tower |
| 4:38 | Brilliance Aura |
| 4:43 | Keep |
| 4:48 | Guard Tower |
| 4:49 | Scout Tower |
| 4:50 | Scout Tower |
| 4:51 | Scout Tower |
| 4:51 | Scout Tower |
| 4:52 | Scout Tower |
| 4:52 | Scout Tower |
| 4:53 | Scout Tower |
| 4:53 | Scout Tower |
| 4:53 | Scout Tower |
| 4:56 | Staff of Teleportation |
| 4:56 | Boots of Speed |
| 5:03 | Guard Tower |
| 5:04 | Guard Tower |
| 5:07 | Arcane Tower |
| 5:10 | Healing Salve |
| 5:20 | Farm |
| 5:21 | Farm |
| 5:23 | Scout Tower |
| 5:23 | Scout Tower |
| 5:25 | Scout Tower |
| 5:57 | Guard Tower |
| 6:42 | Scout Tower |
| 6:43 | Scout Tower |
| 6:43 | Scout Tower |
| 6:48 | Town Hall |
| 6:52 | Scout Tower |
| 6:53 | Scout Tower |
| 6:53 | Scout Tower |
| 6:53 | Scout Tower |
| 6:54 | Scout Tower |
| 6:55 | Scout Tower |
| 6:55 | Scout Tower |
| 7:43 | Arcane Sanctum |
| 7:53 | Guard Tower |
| 8:07 | Guard Tower |
| 8:09 | Guard Tower |
| 8:17 | Guard Tower |
| 8:22 | Guard Tower |
| 8:24 | Storm Bolt |
| 8:34 | Improved Masonry |
| 8:34 | Advanced Masonry |
| 8:51 | Boots of Speed |
| 8:51 | Staff of Teleportation |
| 9:02 | Scout Tower |
| 9:03 | Scout Tower |
| 9:35 | Imbued Masonry |
| 9:37 | Guard Tower |
| 9:38 | Castle |
| 9:39 | Peasant |
| 9:40 | Guard Tower |
| 9:41 | Scout Tower |
| 9:53 | Blizzard |
| 9:57 | Peasant |
| 10:00 | Guard Tower |
| 10:17 | Guard Tower |
| 10:20 | Improved Lumber Harvesting |
| 10:58 | Guard Tower |
| 11:00 | Arcane Tower |
| 11:05 | Magic Sentry |
| 11:27 | Arcane Vault |
| 11:28 | Arcane Vault |
| 11:32 | Guard Tower |
| 11:36 | Guard Tower |
| 11:36 | Guard Tower |
| 11:38 | Scout Tower |
| 11:39 | Scout Tower |
| 11:39 | Scout Tower |
| 11:39 | Scout Tower |
| 11:40 | Scout Tower |
| 11:40 | Scout Tower |
| 12:01 | Arcane Vault |
| 12:03 | Arcane Vault |
| 12:07 | Scout Tower |
| 12:08 | Scout Tower |
| 12:09 | Scout Tower |
| 12:09 | Scout Tower |
| 12:10 | Scout Tower |
| 12:10 | Scout Tower |
| 12:10 | Scout Tower |
| 12:11 | Scout Tower |
| 12:11 | Scout Tower |
| 12:11 | Scout Tower |
| 12:12 | Scout Tower |
| 12:12 | Scout Tower |
| 12:50 | Bash |
| 13:36 | Holy Light |
| 13:40 | Staff of Sanctuary |
| 13:55 | Guard Tower |
| 13:59 | Boots of Speed |
| 14:00 | Periapt of Vitality |
| 14:19 | Guard Tower |
| 14:47 | Guard Tower |
| 14:49 | Advanced Lumber Harvesting |
| 14:51 | Scout Tower |
| 14:52 | Scout Tower |
| 14:53 | Scout Tower |
| 14:53 | Scout Tower |
| 14:54 | Scout Tower |
| 14:55 | Scout Tower |
| 14:55 | Scout Tower |
| 14:55 | Scout Tower |
| 14:56 | Scout Tower |
| 14:57 | Scout Tower |
| 14:57 | Scout Tower |
| 14:57 | Scout Tower |
| 15:00 | Scout Tower |
| 15:00 | Scout Tower |
| 15:01 | Scout Tower |
| 15:02 | Scout Tower |
| 15:02 | Scout Tower |
| 15:02 | Scout Tower |
| 15:03 | Scout Tower |
| 15:03 | Scout Tower |
| 15:04 | Scout Tower |
| 15:04 | Scout Tower |
| 15:05 | Scout Tower |
| 15:05 | Scout Tower |
| 15:05 | Scout Tower |
| 15:06 | Scout Tower |
| 15:06 | Scout Tower |
| 15:13 | Staff of Sanctuary |
| 15:27 | Guard Tower |
| 15:48 | Storm Bolt |
| 16:07 | Brilliance Aura |
| 17:21 | Divine Shield |
| Right click | 1328 |
| Select | 451 |
| Select group | 198 |
| Build/train/purchase | 141 |
| Chat | 52 |
| Use ability | 49 |
| Minimap ping | 9 |
| Assign group | 8 |
| Misc. action | 7 |
| Item give/drop | 1 |



| Scroll of Regeneration | 6 | 600 |
| Staff of Sanctuary | 2 | 500 |
| Lesser Clarity Potion | 1 | 70 |
| total: | 9 | 1170g |
| Peasant | 16 | 1200 | / | 0 |
| Priest | 5 | 675 | / | 50 |
| total: | 21 | 1875g | / | 50w |
| Scout Tower | 21 | 630 | / | 420 |
| Arcane Tower | 3 | 210 | / | 150 |
| Guard Tower | 11 | 770 | / | 550 |
| Altar of Kings | 1 | 180 | / | 50 |
| Lumber Mill | 1 | 120 | / | 0 |
| Farm | 5 | 400 | / | 100 |
| Arcane Vault | 1 | 130 | / | 30 |
| Arcane Sanctum | 1 | 150 | / | 140 |
| Keep | 1 | 320 | / | 210 |
| Castle | 1 | 360 | / | 210 |
| total: | 30 | 1610g | / | 740w |
| 0:02 | Peasant |
| 0:04 | Altar of Kings |
| 0:05 | Peasant |
| 0:13 | Peasant |
| 0:19 | Lumber Mill |
| 0:22 | Farm |
| 0:30 | Peasant |
| 0:45 | Peasant |
| 0:57 | Peasant |
| 1:01 | Farm |
| 1:05 | Peasant |
| 1:11 | Scout Tower |
| 1:20 | Peasant |
| 1:32 | Peasant |
| 1:37 | Arcane Tower |
| 1:39 | Scout Tower |
| 1:44 | Scout Tower |
| 1:46 | Peasant |
| 2:04 | Peasant |
| 2:08 | Blizzard |
| 2:41 | Arcane Tower |
| 2:55 | Guard Tower |
| 3:12 | Peasant |
| 3:12 | Peasant |
| 3:13 | Improved Masonry |
| 3:15 | Scout Tower |
| 3:38 | Scout Tower |
| 3:59 | Scout Tower |
| 4:00 | Scout Tower |
| 4:00 | Guard Tower |
| 4:04 | Peasant |
| 4:04 | Peasant |
| 4:08 | Guard Tower |
| 4:10 | Scout Tower |
| 4:12 | Scout Tower |
| 4:29 | Guard Tower |
| 4:37 | Keep |
| 4:39 | Guard Tower |
| 4:58 | Brilliance Aura |
| 5:41 | Arcane Vault |
| 5:42 | Guard Tower |
| 5:50 | Farm |
| 6:58 | Peasant |
| 7:03 | Scroll of Regeneration |
| 7:10 | Scroll of Regeneration |
| 7:17 | Advanced Masonry |
| 7:20 | Castle |
| 7:38 | Scout Tower |
| 7:58 | Storm Bolt |
| 9:25 | Guard Tower |
| 10:24 | Imbued Masonry |
| 10:26 | Scroll of Regeneration |
| 10:27 | Staff of Sanctuary |
| 11:04 | Farm |
| 11:19 | Blizzard |
| 11:21 | Scroll of Regeneration |
| 11:23 | Arcane Sanctum |
| 11:45 | Lesser Clarity Potion |
| 12:14 | Bash |
| 12:48 | Scout Tower |
| 12:51 | Scroll of Regeneration |
| 12:53 | Staff of Sanctuary |
| 12:56 | Priest |
| 12:57 | Priest |
| 12:58 | Magic Sentry |
| 13:00 | Scout Tower |
| 13:35 | Farm |
| 13:35 | Guard Tower |
| 13:40 | Scroll of Regeneration |
| 13:48 | Priest |
| 13:53 | Priest Adept Training |
| 13:55 | Priest |
| 13:59 | Holy Light |
| 14:07 | Scout Tower |
| 14:08 | Scout Tower |
| 14:25 | Scout Tower |
| 15:14 | Guard Tower |
| 15:20 | Priest |
| 16:02 | Scout Tower |
| 16:02 | Scout Tower |
| 17:33 | Scout Tower |
| 17:33 | Guard Tower |
| 17:37 | Scout Tower |
| 17:38 | Scout Tower |
| 17:40 | Scout Tower |
| 17:49 | Storm Bolt |
| Right click | 1346 |
| Select group | 712 |
| Assign group | 375 |
| Select | 186 |
| Build/train/purchase | 130 |
| Use ability | 57 |
| Chat | 50 |
| Misc. action | 23 |
| Remove unit | 3 |
| Minimap ping | 3 |



| Staff of Teleportation | 5 | 750 |
| Boots of Speed | 3 | 750 |
| Staff of Sanctuary | 4 | 1000 |
| total: | 12 | 2500g |
| Wisp | 25 | 1500 | / | 0 |
| total: | 25 | 1500g | / | 0w |
| Altar of Elders | 1 | 180 | / | 50 |
| Moon Well | 9 | 1620 | / | 360 |
| Tree of Life | 1 | 340 | / | 185 |
| Hunter's Hall | 1 | 210 | / | 100 |
| Ancient of Wonders | 1 | 90 | / | 30 |
| Tree of Ages | 1 | 320 | / | 180 |
| Tree of Eternity | 2 | 660 | / | 400 |
| total: | 13 | 2440g | / | 725w |
| 0:01 | Wisp |
| 0:05 | Altar of Elders |
| 0:10 | Wisp |
| 0:16 | Moon Well |
| 0:20 | Wisp |
| 0:39 | Wisp |
| 0:41 | Wisp |
| 0:59 | Moon Well |
| 1:05 | Wisp |
| 1:12 | Wisp |
| 1:20 | Wisp |
| 1:28 | Wisp |
| 1:43 | Wisp |
| 1:56 | Wisp |
| 2:09 | Force of Nature |
| 2:13 | Wisp |
| 2:45 | Wisp |
| 3:12 | Wisp |
| 3:32 | Tree of Ages |
| 4:27 | Entangling Roots |
| 4:58 | Moon Well |
| 4:58 | Moon Well |
| 5:16 | Moon Well |
| 5:17 | Moon Well |
| 5:29 | Moon Well |
| 5:31 | Moon Well |
| 5:38 | Moon Well |
| 6:09 | Staff of Teleportation |
| 6:44 | Soul Burn |
| 7:02 | Tree of Eternity |
| 7:49 | Entangling Roots |
| 7:54 | Tree of Life |
| 7:57 | Hunter's Hall |
| 8:57 | Incinerate |
| 9:58 | Frost Arrows |
| 10:11 | Well Spring |
| 10:13 | Wisp |
| 10:14 | Wisp |
| 10:14 | Wisp |
| 10:15 | Wisp |
| 10:15 | Wisp |
| 10:15 | Wisp |
| 10:15 | Wisp |
| 10:15 | Wisp |
| 10:21 | Staff of Teleportation |
| 10:53 | Staff of Teleportation |
| 10:53 | Staff of Teleportation |
| 11:53 | Nature's Blessing |
| 11:57 | Wisp |
| 11:58 | Wisp |
| 11:59 | Wisp |
| 13:08 | Staff of Sanctuary |
| 13:33 | Staff of Teleportation |
| 13:34 | Boots of Speed |
| 13:48 | Staff of Sanctuary |
| 14:29 | Boots of Speed |
| 14:46 | Boots of Speed |
| 15:06 | Ancient of Wonders |
| 15:10 | Staff of Sanctuary |
| 15:10 | Staff of Sanctuary |
| 16:16 | Soul Burn |
| 16:17 | Forked Lightning |
| 16:30 | Force of Nature |
| Right click | 808 |
| Select | 472 |
| Select group | 270 |
| Chat | 104 |
| Resource trade | 74 |
| Build/train/purchase | 59 |
| Use ability | 47 |
| Assign group | 36 |
| Minimap ping | 8 |
| Item give/drop | 4 |
| Misc. action | 1 |
108 units @ 14.4k
/ 1.5k
75 buildings @ 9.3k
/ 3.4k


| Scroll of Speed | 1 | 50 |
| Healing Salve | 4 | 400 |
| Lesser Clarity Potion | 4 | 280 |
| Boots of Speed | 1 | 250 |
| total: | 10 | 980g |
| Peon | 16 | 1200 | / | 0 |
| Wind Rider | 5 | 1325 | / | 200 |
| Kodo Beast | 1 | 255 | / | 60 |
| Tauren | 1 | 280 | / | 80 |
| total: | 23 | 3060g | / | 340w |
| Watch Tower | 5 | 550 | / | 400 |
| Altar of Storms | 1 | 180 | / | 50 |
| Orc Burrow | 6 | 960 | / | 240 |
| Voodoo Lounge | 1 | 130 | / | 30 |
| War Mill | 3 | 615 | / | 0 |
| Great Hall | 1 | 385 | / | 185 |
| Beastiary | 2 | 290 | / | 280 |
| Tauren Totem | 1 | 135 | / | 155 |
| Stronghold | 2 | 630 | / | 380 |
| Fortress | 1 | 325 | / | 190 |
| total: | 20 | 3245g | / | 1340w |
| 0:05 | Peon |
| 0:08 | Altar of Storms |
| 0:09 | Peon |
| 0:09 | Peon |
| 0:14 | Orc Burrow |
| 0:26 | Peon |
| 0:37 | Peon |
| 0:51 | Voodoo Lounge |
| 1:20 | Peon |
| 1:20 | Peon |
| 1:32 | Orc Burrow |
| 1:56 | Peon |
| 2:05 | Scroll of Speed |
| 2:06 | Healing Salve |
| 2:06 | Lesser Clarity Potion |
| 2:09 | Wind Walk |
| 2:40 | Stronghold |
| 3:11 | War Mill |
| 3:54 | War Mill |
| 4:55 | Orc Burrow |
| 5:04 | War Mill |
| 5:11 | Lesser Clarity Potion |
| 5:29 | Beastiary |
| 6:20 | Watch Tower |
| 6:22 | Hex |
| 6:41 | Peon |
| 6:41 | Peon |
| 6:41 | Peon |
| 7:11 | Wind Rider |
| 7:11 | Wind Rider |
| 7:44 | Watch Tower |
| 8:07 | Watch Tower |
| 8:10 | Lesser Clarity Potion |
| 8:15 | Healing Salve |
| 8:21 | Orc Burrow |
| 8:25 | Peon |
| 8:25 | Peon |
| 9:03 | Beastiary |
| 9:15 | Boots of Speed |
| 9:25 | Peon |
| 9:43 | Critical Strike |
| 10:10 | Wind Rider |
| 10:25 | Fortress |
| 10:28 | Healing Salve |
| 10:29 | Lesser Clarity Potion |
| 10:29 | Healing Salve |
| 10:36 | Healing Wave |
| 11:02 | Orc Burrow |
| 11:28 | Orc Burrow |
| 11:29 | Steel Ranged Weapons |
| 12:07 | Wind Rider |
| 12:07 | Wind Rider |
| 12:37 | Steel Armor |
| 12:37 | Thorium Ranged Weapons |
| 13:02 | Watch Tower |
| 13:50 | War Drums Damage Increase |
| 13:56 | Great Hall |
| 14:01 | Tauren Totem |
| 14:25 | Kodo Beast |
| 14:33 | Peon |
| 14:33 | Peon |
| 15:24 | Tauren |
| 16:11 | Watch Tower |
| Right click | 832 |
| Select | 380 |
| Select group | 116 |
| Build/train/purchase | 76 |
| Use ability | 33 |
| Assign group | 22 |
| Misc. action | 22 |
| Minimap ping | 15 |
| Esc | 12 |
| Chat | 5 |

| Peasant | 23 | 1725 | / | 0 |
| Footman | 9 | 1215 | / | 0 |
| Rifleman | 10 | 2050 | / | 300 |
| total: | 42 | 4990g | / | 300w |
| Scout Tower | 8 | 240 | / | 160 |
| Arcane Tower | 3 | 210 | / | 150 |
| Guard Tower | 5 | 350 | / | 250 |
| Altar of Kings | 1 | 180 | / | 50 |
| Barracks | 1 | 160 | / | 60 |
| Farm | 14 | 1120 | / | 280 |
| Blacksmith | 1 | 140 | / | 60 |
| Lumber Mill | 2 | 240 | / | 0 |
| Keep | 1 | 320 | / | 210 |
| total: | 27 | 2080g | / | 610w |
| 0:10 | Altar of Kings |
| 0:32 | Barracks |
| 0:51 | Farm |
| 0:53 | Farm |
| 1:31 | Peasant |
| 1:32 | Peasant |
| 1:49 | Footman |
| 2:03 | Peasant |
| 2:03 | Peasant |
| 2:14 | Footman |
| 2:55 | Summon Water Elemental |
| 2:59 | Peasant |
| 2:59 | Peasant |
| 2:59 | Peasant |
| 3:11 | Scout Tower |
| 3:16 | Scout Tower |
| 3:19 | Scout Tower |
| 3:22 | Scout Tower |
| 3:58 | Peasant |
| 3:58 | Peasant |
| 3:58 | Peasant |
| 4:59 | Arcane Tower |
| 5:05 | Blacksmith |
| 6:00 | Peasant |
| 7:25 | Lumber Mill |
| 7:34 | Lumber Mill |
| 7:38 | Peasant |
| 7:38 | Peasant |
| 7:47 | Arcane Tower |
| 8:05 | Farm |
| 8:06 | Farm |
| 8:13 | Peasant |
| 8:13 | Peasant |
| 8:38 | Peasant |
| 8:39 | Peasant |
| 8:39 | Peasant |
| 9:11 | Guard Tower |
| 9:31 | Rifleman |
| 9:31 | Rifleman |
| 9:41 | Peasant |
| 9:41 | Peasant |
| 10:44 | Footman |
| 10:44 | Footman |
| 10:44 | Footman |
| 10:44 | Footman |
| 10:49 | Iron Forged Swords |
| 10:55 | Peasant |
| 10:55 | Peasant |
| 11:21 | Iron Plating |
| 11:23 | Peasant |
| 11:35 | Guard Tower |
| 12:09 | Keep |
| 12:17 | Farm |
| 12:18 | Farm |
| 12:19 | Farm |
| 12:20 | Farm |
| 12:20 | Farm |
| 12:21 | Farm |
| 12:23 | Farm |
| 12:25 | Farm |
| 12:25 | Farm |
| 12:26 | Farm |
| 12:50 | Footman |
| 12:50 | Footman |
| 14:09 | Rifleman |
| 14:09 | Rifleman |
| 14:09 | Rifleman |
| 15:20 | Scout Tower |
| 15:21 | Scout Tower |
| 15:23 | Scout Tower |
| 15:24 | Scout Tower |
| 15:33 | Footman |
| 15:33 | Rifleman |
| 15:33 | Rifleman |
| 15:34 | Rifleman |
| 15:36 | Rifleman |
| 15:36 | Rifleman |
| 16:26 | Guard Tower |
| 16:27 | Guard Tower |
| Right click | 203 |
| Select | 147 |
| Build/train/purchase | 64 |
| Misc. action | 3 |
| Esc | 2 |
| Assign group | 1 |
| Use ability | 1 |
| Remove unit | 1 |

| Peasant | 7 | 525 | / | 0 |
| Footman | 3 | 405 | / | 0 |
| Rifleman | 8 | 1640 | / | 240 |
| Mortar Team | 5 | 900 | / | 350 |
| total: | 23 | 3470g | / | 590w |
| Altar of Kings | 1 | 180 | / | 50 |
| Farm | 7 | 560 | / | 140 |
| Barracks | 1 | 160 | / | 60 |
| Blacksmith | 1 | 140 | / | 60 |
| Arcane Vault | 1 | 130 | / | 30 |
| Lumber Mill | 1 | 120 | / | 0 |
| Town Hall | 1 | 385 | / | 205 |
| Workshop | 1 | 140 | / | 140 |
| Keep | 1 | 320 | / | 210 |
| Castle | 1 | 360 | / | 210 |
| total: | 14 | 1815g | / | 685w |
| 0:08 | Altar of Kings |
| 0:12 | Farm |
| 0:16 | Peasant |
| 0:28 | Barracks |
| 0:36 | Peasant |
| 0:37 | Peasant |
| 1:20 | Peasant |
| 1:25 | Farm |
| 1:36 | Footman |
| 1:48 | Peasant |
| 2:08 | Blacksmith |
| 2:10 | Footman |
| 2:20 | Devotion Aura |
| 2:32 | Footman |
| 2:38 | Peasant |
| 2:38 | Peasant |
| 3:25 | Keep |
| 3:28 | Farm |
| 3:43 | Rifleman |
| 4:05 | Rifleman |
| 4:09 | Farm |
| 4:18 | Arcane Vault |
| 4:32 | Lumber Mill |
| 4:46 | Rifleman |
| 5:17 | Rifleman |
| 5:36 | Farm |
| 6:15 | Holy Light |
| 6:33 | Workshop |
| 6:37 | Rifleman |
| 8:04 | Mortar Team |
| 8:04 | Mortar Team |
| 8:05 | Mortar Team |
| 8:11 | Farm |
| 9:44 | Devotion Aura |
| 10:31 | Mortar Team |
| 10:31 | Mortar Team |
| 10:31 | Flare |
| 10:34 | Black Gunpowder |
| 12:04 | Divine Shield |
| 13:53 | Refined Gunpowder |
| 13:58 | Castle |
| 14:00 | Rifleman |
| 14:01 | Long Rifles |
| 14:02 | Rifleman |
| 14:02 | Rifleman |
| 14:08 | Farm |
| 14:17 | Town Hall |
| Right click | 539 |
| Select | 141 |
| Build/train/purchase | 36 |
| Use ability | 15 |
| Esc | 1 |


| Scroll of Speed | 1 | 50 |
| Healing Salve | 1 | 100 |
| total: | 2 | 150g |
| Peon | 8 | 600 | / | 0 |
| Grunt | 4 | 800 | / | 0 |
| Troll Headhunter | 4 | 560 | / | 80 |
| Demolisher | 1 | 220 | / | 50 |
| Raider | 1 | 180 | / | 40 |
| Wind Rider | 2 | 530 | / | 80 |
| total: | 20 | 2890g | / | 250w |
| Watch Tower | 3 | 330 | / | 240 |
| Altar of Storms | 1 | 180 | / | 50 |
| Orc Burrow | 5 | 800 | / | 200 |
| Barracks | 2 | 360 | / | 100 |
| War Mill | 1 | 205 | / | 0 |
| Voodoo Lounge | 1 | 130 | / | 30 |
| Beastiary | 1 | 145 | / | 140 |
| Stronghold | 2 | 630 | / | 380 |
| total: | 14 | 2150g | / | 760w |
| 0:05 | Peon |
| 0:05 | Peon |
| 0:10 | Altar of Storms |
| 0:16 | Orc Burrow |
| 0:41 | Barracks |
| 0:46 | Peon |
| 1:05 | Peon |
| 1:25 | Peon |
| 1:36 | War Mill |
| 1:46 | Grunt |
| 1:58 | Voodoo Lounge |
| 2:26 | War Stomp |
| 4:13 | Troll Headhunter |
| 4:13 | Troll Headhunter |
| 4:17 | Barracks |
| 4:19 | Stronghold |
| 4:23 | Orc Burrow |
| 5:14 | Scroll of Speed |
| 5:16 | Healing Salve |
| 5:32 | Orc Burrow |
| 5:34 | Troll Headhunter |
| 5:38 | Peon |
| 5:39 | Peon |
| 5:49 | Peon |
| 6:22 | Stronghold |
| 6:28 | Steel Ranged Weapons |
| 6:35 | Watch Tower |
| 7:49 | Watch Tower |
| 7:51 | Grunt |
| 8:04 | Steel Melee Weapons |
| 10:39 | Demolisher |
| 10:49 | Beastiary |
| 11:36 | Orc Burrow |
| 12:00 | Orc Burrow |
| 12:26 | Grunt |
| 13:05 | Grunt |
| 13:53 | Watch Tower |
| 13:56 | Raider |
| 14:00 | Healing Wave |
| 14:03 | Troll Headhunter |
| 15:55 | Wind Rider |
| 15:55 | Wind Rider |
| Right click | 1036 |
| Select | 133 |
| Build/train/purchase | 37 |
| Use ability | 10 |
| Remove unit | 2 |